 Dungeon Crawl Stone Soup version 0.18-b1-18-g7758cf2 (webtiles) character file.

28 Chiseanne the Magician (level 3, 24/24 HPs)
             Began as a Demonspawn Wizard on May 2, 2016.
             Quit the game on level 1 of the Dungeon.
             The game lasted 00:01:45 (1026 turns).

Chiseanne the Magician (Demonspawn Wizard)          Turns: 1026, Time: 00:01:45

Health: 24/24      AC:  2    Str:  7    XL:     3   Next: 0%
Magic:  1/8        EV: 12    Int: 20    God:
Gold:   37         SH:  0    Dex: 11    Spells: 3 memorised, 4 levels left

rFire  . . .     SeeInvis .     f - +0 hand axe
rCold  . . .     Gourm    .     a - +0 robe
rNeg   + . .     Faith    .     (no shield)
rPois  .         Spirit   .     b - +0 hat
rElec  .         Dismiss  .     (no cloak)
rCorr  .         Reflect  .     (no gloves)
SustAt .         Harm     .     (no boots)
MR     .....                    (no amulet)
Stlth  +++.......               (no ring)
                                e - ring of positive energy

@: very slightly contaminated, repel missiles, not resistant to hostile
enchantments, fairly stealthy
A: antennae 1, nightstalker 1
a: no special abilities


You were on level 1 of the Dungeon.
You were not hungry.

You visited 1 branch of the dungeon, and saw 2 of its levels.

You collected 37 gold pieces.

Inventory:

Hand Weapons
 f - a +0 hand axe (weapon)
Missiles
 g - 11 bolts
 i - 20 stones (quivered)
 k - 6 curare-tipped needles
Armour
 a - a +0 robe (worn)
 b - a +0 hat (worn)
Jewellery
 e - a ring of positive energy (left hand)
Scrolls
 l - 2 scrolls of identify {unknown}
Potions
 j - a potion of curing {unknown}
Books
 c - a book of Minor Magic

   Spells                             Type                      Level
   a - Magic Dart                     Conjuration                  1
   b - Blink                          Translocation                2
   c - Call Imp                       Summoning                    2
   d - Repel Missiles                 Charms/Air                   2
   e - Slow                           Hexes                        2
   f - Conjure Flame                  Conjuration/Fire             3
   g - Mephitic Cloud                 Conjuration/Poison/Air       3
Comestibles
 d - a bread ration
 h - a slice of pizza


   Skills:
 - Level 1.7 Dodging
 - Level 1.7 Stealth
 * Level 3.5 Spellcasting
 * Level 2.0 Conjurations
   Level 1.0 Summonings
 - Level 0.8 Translocations


You had 4 spell levels left.
You knew the following spells:

 Your Spells              Type           Power        Failure   Level  Hunger
a - Magic Dart            Conj           ##..         10%         1    None
b - Blink                 Tloc           N/A          17%         2    ##.....
c - Repel Missiles        Chrm/Air       #.....       24%         2    ##.....


Dungeon Overview and Level Annotations

Branches:
Dungeon (2/15)

Altars:
Yredelemnul


Innate Abilities, Weirdness & Mutations

You have a pair of small antennae on your head.
You are slightly more attuned to the shadows.


Message History

Confirm with . or Enter, or press ? or * to list all spells.
Aiming: Magic Dart
Press: ? - help, Shift-Dir - straight line, f/p - giant gecko
Aim: a giant gecko (severely wounded, clinging)
The magic dart hits the giant gecko.
The giant gecko is severely wounded.
The giant gecko closely misses you.
Casting: Magic Dart
Confirm with . or Enter, or press ? or * to list all spells.
Aiming: Magic Dart
Press: ? - help, Shift-Dir - straight line, f/p - giant gecko
Aim: a giant gecko (severely wounded, clinging)
The magic dart hits the giant gecko.
You kill the giant gecko!
You have reached level 3!
Your experience leads to an increase in your attributes!
Increase (S)trength, (I)ntelligence, or (D)exterity?
You feel clever.
Your demonic ancestry asserts itself...
A pair of antennae grows on your head!
Are you sure you want to abandon this character and quit the game? (Confirm with "yes".)

########
####....†.#
#..>......#
#.##......#
.. ####.###
..# #..# #
#.## #@#
#........#
.......#.#
.........#
......## #
......
...%..


There were no monsters in sight!

Vanquished Creatures
  An adder (D:2)
  A worm (D:2)
  A giant gecko (D:1)
  A ball python (D:1)
  2 bats (D:1)
  A giant cockroach (D:2)
  2 goblins
  2 hobgoblins (D:2)
  2 kobolds (D:1)
  A rat (D:1)
14 creatures vanquished.

Notes
Turn   | Place    | Note
--------------------------------------------------------------
     0 | D:1      | Chiseanne the Demonspawn Wizard began the quest for the Orb.
     0 | D:1      | Reached XP level 1. HP: 13/13 MP: 4/4
   373 | D:2      | Gained mutation: You are slightly more attuned to the shadows. [demonic ancestry]
   373 | D:2      | Reached XP level 2. HP: 19/19 MP: 0/6
   585 | D:2      | Found a basalt altar of Yredelemnul.
   977 | D:1      | Learned a level 2 spell: Blink
   980 | D:1      | Learned a level 2 spell: Repel Missiles
  1025 | D:1      | Gained mutation: You have a pair of small antennae on your head. [demonic ancestry]
  1025 | D:1      | Reached XP level 3. HP: 24/24 MP: 1/8
  1026 | D:1      | Quit the game

Skill      XL: |  1  2 |
---------------+-------+-----
Conjurations   | 2 |  2.0
Dodging        | |  1.7
Stealth        | |  1.7
Spellcasting   | |  3.5
Summonings     | |  1.0
Translocations | |  0.8

Action                   || total
-------------------------++-------
Melee: Hand axe          ||    18
 Cast: Magic Dart        ||    41
       Repel Missiles    ||     1
Armor: Robe              ||     2
Dodge: Dodged            ||    17
